 Dungeon Crawl Stone Soup version 0.21.1-1-g345015f (webtiles) character file.

148203 sankara the Warrior (level 16, 160/160 HPs)
             Began as a Minotaur Berserker on Jan 23, 2018.
             Was a High Priest of Trog.
             Got out of the dungeon alive.
             The game lasted 02:25:43 (31755 turns).

sankara the Warrior (Minotaur Berserker)           Turns: 31755, Time: 02:25:44

Health: 160/160    AC: 32    Str: 26    XL:     16   Next: 93%
Magic:  15/15      EV: 14    Int: 11    God:    Trog [*****.]
Gold:   2689       SH:  3    Dex: 19    Spells: 15/15 levels left

rFire    + + .     SeeInvis .   b - +8 morningstar of the Forest {crush, Str+3}
rCold    . . .     Gourm    .   (no shield)
rNeg     . . .     Faith    .   A - +1 crystal plate armour of the Secret Beggars {rF++ Regen+ Dex+3 Stlth+}
rPois    +         Spirit   .   F - +2 hat {MR+}
rElec    .         Reflect  +   K - +0 cloak
rCorr    .         Harm     .   (no gloves)
MR       +++++                  U - +0 pair of boots
Stlth    ..........             R - +3 amulet of reflection
HPRegen  0.76/turn              S - ring of flight
MPRegen  0.14/turn              Q - ring of Boyrch {*Drain rPois MR+++ Int+7}

@: drained
A: retaliatory headbutt, horns 2
a: Berserk, Trog's Hand, Brothers in Arms, Burn Spellbooks, Renounce Religion,
Evoke Flight


You escaped.
You worshipped Trog.
Trog was extremely pleased with you.
You were completely stuffed.

You visited 6 branches of the dungeon, and saw 28 of its levels.
You also visited: Ossuary, Bailey and Ice Cave.

You collected 3010 gold pieces.
You spent 321 gold pieces at shops.

Inventory:

Hand Weapons
 a - the +6 arbalest "Damnation" {damnation}
   (You found it on level 9 of the Dungeon)
 b - the +8 morningstar of the Forest (weapon) {crush, Str+3}
   (You found it on level 1 of the Shoals)

   It inflicts extra damage upon your enemies.
   It affects your strength (+3).
 c - a +2 dire flail of draining
 d - the +5 morningstar of Exuaxza {crush, rPois rC+}
   (You found it on level 13 of the Dungeon)

   It inflicts extra damage upon your enemies.
   It protects you from cold.
   It protects you from poison.
 y - a +0 eveningstar of draining
 X - a +3 great mace of crushing
Missiles
 D - 32 tomahawks (quivered)
 G - 36 bolts
 T - 3 throwing nets
Armour
 A - the +1 crystal plate armour of the Secret Beggars (worn) {rF++ Regen+ Dex+3 Stlth+}
   (You found it in a bailey)

   It affects your dexterity (+3).
   It greatly protects you from fire.
   It increases your rate of regeneration.
   It makes you more stealthy.
 F - a +2 hat of magic resistance (worn)
 K - a +0 cloak (worn)
 U - a +0 pair of boots (worn)
Jewellery
 k - a +5 ring of strength
 L - an uncursed ring of ice
 Q - the ring of Boyrch (right hand) {*Drain rPois MR+++ Int+7}
   (You found it on level 8 of the Dungeon)

   [ring of poison resistance]

   It affects your intelligence (+7).
   It protects you from poison.
   It affects your resistance to hostile enchantments.
   It causes draining when unequipped.
 R - a +3 amulet of reflection (around neck)
 S - a ring of flight (left hand)
Wands
 h - a wand of paralysis (32)
 t - a wand of iceblast (15)
 v - a wand of digging (37)
 z - a wand of acid (56)
 Z - a wand of enslavement (44)
Scrolls
 j - 13 scrolls of teleportation
 n - 7 scrolls of fog
 p - 12 scrolls of remove curse
 s - 6 scrolls of magic mapping
 B - 2 scrolls of blinking
 C - a scroll of fear
 I - 3 scrolls of identify
 Y - a scroll of enchant weapon
Potions
 e - 5 potions of mutation
 f - 2 potions of invisibility
 g - 13 potions of curing
 i - 6 potions of haste
 l - 3 potions of heal wounds
 m - 9 potions of flight
 o - 3 potions of magic
 q - a potion of cancellation
 r - 4 potions of might
 u - 2 potions of lignification
 w - a potion of resistance
 x - 4 potions of agility
 E - 10 potions of brilliance
 N - 3 potions of ambrosia
 O - 2 potions of berserk rage
Books
 V - a book of Minor Magic

   Spells                             Type                      Level
   a - Magic Dart                     Conjuration                  1
   b - Blink                          Translocation                2
   c - Call Imp                       Summoning                    2
   d - Slow                           Hexes                        2
   e - Conjure Flame                  Conjuration/Fire             3
   f - Mephitic Cloud                 Conjuration/Poison/Air       3
   Trog disapproves of the use of such an item.
Miscellaneous
 W - a phantom mirror
Comestibles
 P - 24 rations


   Skills:
 + Level 19.3(18.5) Fighting
 - Level 12.3(11.7) Maces & Flails
 - Level 12.0(11.3) Crossbows
 + Level 18.8(18.0) Armour
 + Level 14.6(13.9) Dodging


You had 15 spell levels left.
You didn't know any spells.

Dungeon Overview and Level Annotations

Branches:
Dungeon (15/15)            Temple (1/1) D:5            Lair (6/6) D:10
 Shoals (3/4) Lair:3       Spider (1/4) Lair:4        Slime (0/5) Lair:5
    Orc (2/2) D:10            Elf (0/3) Orc:2        Vaults (0/5) D:14
 Depths (0/5) D:15

Altars:
Ashenzari
Cheibriados
Dithmenos
Elyvilon
Fedhas
Gozag
Hepliaklqana
Kikubaaqudgha
Makhleb
Nemelex Xobeh
Okawaru
Qazlal
Ru
Sif Muna
Trog
Uskayaw
Vehumet
Wu Jian
Xom
Yredelemnul
Zin
The Shining One
Beogh
Jiyva

Shops:
D:12 ?   Orc:2 *([:


Innate Abilities, Weirdness & Mutations

You reflexively headbutt those who attack you in melee.
You have a pair of horns on your head.


Message History

There is a stone staircase leading down here.
There is an escape hatch in the floor here.
There is a stone staircase leading up here.
You climb upwards.
There is a stone staircase leading down here.
There is a stone staircase leading up here.
You climb upwards.
There is a stone staircase leading down here.
There is a stone staircase leading up here.
You climb upwards.
There is a stone staircase leading down here.
There is a stone staircase leading up here.
You climb upwards.
There is a stone staircase leading down here.
There is a stone staircase leading up here.
You climb upwards.
There is a stone staircase leading down here.
There is a staircase leading out of the dungeon here.
Are you sure you want to leave the Dungeon?
This will make you lose the game!
You have escaped!

...)....# ##....######..#.......#
...#...## ######......##.......#
>.##.### #......##.).....#
######## #.........).#####
####...###### #.......÷...#
.##.###.##..######.......÷..#
##### ##.#.#.##..#>.........#
..#### #..###....#.....)....#
##...###.##.###.@#.......####
#.##.##.##.##....#.......#
.####...##.(.##..#..)....#
##################.......#
.........................#
####..........##.........# .#
#..........##(........#
.###........[............########
...........(.....................


There were no monsters in sight!

Vanquished Creatures
  Rupert (Spider:1)
  A kraken (Shoals:2)
  Kirke (Spider:1)
  The ghost of Zorot the Martial Artist, a journeyman GnMo of Cheibriados (D:14)
  A ghoul (D:13)
  An entropy weaver (Spider:1)
  A stone giant (Orc:2)
  A white draconian (IceCv)
  5 ettins
  The ghost of SpeedyPerson7 the Reanimator, a journeyman GnNe of Cheibriados (Orc:2)
  A yaktaur captain (D:14)
  6 hydras
  Harold (Lair:2)
  3 catoblepae (Lair:6)
  3 centaur warriors
  2 merfolk avatars (Shoals:1)
  An alligator snapping turtle (Shoals:3)
  10 two-headed ogres
  2 merfolk aquamancers
  14 death yaks
  2 satyrs
  A vampire mage (D:15)
  2 tengu warriors (D:13)
  The ghost of plantmann the Basher, a novice GrFi of the Shining One (D:8)
  4 skeletal warriors
  7 sea snakes
  2 unseen horrors (D:11)
  6 orc knights
  Pikel (D:8)
  9 harpies
  A necromancer (D:15)
  4 orb spiders (Spider:1)
  A fire giant zombie (D:15)
  An oklob plant (Lair:3)
  A frost giant zombie (D:15)
  5 wolf spiders (Spider:1)
  7 ugly things
  10 fauns
  An orc sorcerer (Orc:2)
  A stone giant zombie (D:15)
  10 cyclopes
  9 manticores
  6 black mambas
  An ice statue (IceCv)
  9 elephants
  3 merfolk sirens
  3 water nymphs (Shoals:2)
  Joseph (D:7)
  Maurice (Orc:2)
  3 gargoyles
  A torpor snail (Lair:6)
  2 molten gargoyles (Lair:3)
  10 spiny frogs
  6 komodo dragons
  3 yaktaurs
  A demonic crawler (Spider:1)
  3 kobold demonologists (D:13)
  3 wind drakes
  10 jumping spiders (Spider:1)
  7 trolls
  10 merfolk
  16 polar bears (IceCv)
  3 slime creatures (D:12)
  4 blink frogs
  13 hippogriffs
  7 snapping turtles
  3 dream sheep (Shoals:3)
  An ice dragon zombie (D:15)
  2 shadows (D:15)
  17 redbacks
  A centaur simulacrum (D:15)
  9 water elementals
  6 wyverns
  2 vampires
  A hog (Spider:1)
  43 yaks
  9 tarantellas (Spider:1)
  A wraith (D:15)
  5 basilisks
  2 hungry ghosts
  2 vampire mosquitoes (D:15)
  Menkaure (D:5)
  4 wargs
  16 water moccasins
  2 hell hounds (D:10)
  3 acid dragons
  6 porcupines
  Duvessa (D:7)
  A slave (D:8)
  A black bear (Lair:4)
  32 orc warriors
  5 ice beasts
  4 phantoms
  A necrophage (D:11)
  3 eyes of draining
  26 wolves
  11 ogres
  23 centaurs
  11 crocodiles
  4 big kobolds
  Dowan (D:7)
  13 bullfrogs
  2 wyvern skeletons (D:15)
  4 scorpions
  18 killer bees
  10 wights
  9 howler monkeys
  7 electric eels
  4 crimson imps
  7 bullfrog zombies
  5 lava snakes (Lair:3)
  2 centaur zombies
  A jelly (D:12)
  A quasit (D:7)
  2 human zombies (Ossuary)
  26 orc wizards
  9 orc priests
  6 centaur skeletons
  3 hounds
  Ijyb (D:4)
  2 bullfrog skeletons
  3 iguanas
  9 worker ants
  A big kobold zombie (Ossuary)
  A hound zombie (D:10)
  7 mummies
  Robin (D:2)
  A howler monkey skeleton (D:4)
  10 adders
  3 shadow imps
  12 white imps (D:12)
  An ooze (D:2)
  2 dart slugs (D:1)
  3 leopard geckos
  111 orcs
  7 bats
  5 giant cockroaches
  2 gnoll zombies (Ossuary)
  12 goblins
  17 hobgoblins
  6 jackals
  10 quokkas
  A ball python skeleton (D:4)
  7 frilled lizards
  3 goblin zombies
  A hobgoblin zombie (Ossuary)
  A jackal skeleton (D:5)
  26 kobolds
  A leopard gecko skeleton (D:4)
  A quokka skeleton (D:4)
  7 rats
  2 fungi
  A plant (Shoals:2)
  4 tentacles (Shoals:2)
940 creatures vanquished.

Vanquished Creatures (collateral kills)
  Donald (Spider:1)
  A wolf spider (Spider:1)
  An elephant (Lair:6)
  A redback (Spider:1)
  A water elemental (Shoals:3)
  An ogre (D:9)
  2 orcs (D:9)
8 creatures vanquished.

Vanquished Creatures (others)
  An unseen horror (D:14)
  2 harpies (Shoals:1)
  An orc knight (Orc:2)
  A faun (Shoals:2)
  3 humans (Spider:1)
  A slave (D:8)
  A bullfrog (D:8)
  A hound (D:8)
  An orc wizard (D:6)
  7 fungi
  10 plants (Lair:6)
  6 tentacles (Shoals:2)
  A withered plant (D:15)
36 creatures vanquished.

Grand Total: 984 creatures vanquished

Notes
Turn   | Place    | Note
-------+----------+-------------------------------------------
     0 | D:1      | sankara the Minotaur Berserker began the quest for the Orb.
     0 | D:1      | Reached XP level 1. HP: 19/19 MP: 0/0
   246 | D:1      | Reached skill level 4 in Fighting
   292 | D:1      | Reached XP level 2. HP: 27/27 MP: 1/1
   670 | D:2      | Reached XP level 3. HP: 34/34 MP: 2/2
   686 | D:2      | Reached ** piety under Trog
   769 | D:2      | Reached XP level 4. HP: 41/41 MP: 3/3
   797 | D:2      | Reached skill level 5 in Fighting
   797 | D:2      | Reached skill level 5 in Maces & Flails
  1268 | D:3      | Noticed Robin
  1285 | D:3      | Reached XP level 5. HP: 27/48 MP: 4/4
  1290 | D:2      | Killed Robin
  1431 | D:3      | Reached *** piety under Trog
  1733 | D:3      | Found a radiant altar of Vehumet.
  2259 | D:4      | Found a sand-covered staircase.
  2273 | Ossuary  | Entered an ossuary
  2322 | Ossuary  | Reached skill level 6 in Fighting
  2330 | Ossuary  | Reached XP level 6. HP: 35/57 MP: 5/5
  2739 | D:4      | Noticed Ijyb
  2752 | D:4      | Killed Ijyb
  3093 | D:4      | Found a deep blue altar of Sif Muna.
  3129 | D:4      | Reached **** piety under Trog
  3204 | D:4      | Reached XP level 7. HP: 64/64 MP: 6/6
  3439 | D:5      | Entered Level 5 of the Dungeon
  3439 | D:5      | Noticed Menkaure
  3445 | D:5      | Killed Menkaure
  3468 | D:5      | Reached skill level 7 in Fighting
  3543 | D:5      | Reached skill level 5 in Armour
  3543 | D:5      | Reached XP level 8. HP: 55/73 MP: 7/7
  3653 | D:5      | Found a shattered altar of Ashenzari.
  3887 | D:5      | Found a staircase to the Ecumenical Temple.
  3898 | Temple   | Entered the Ecumenical Temple
  4207 | D:6      | Found a white marble altar of Elyvilon.
  4408 | D:6      | Reached skill level 8 in Fighting
  4572 | D:6      | Found a runed door.
  5373 | D:6      | Reached skill level 10 in Maces & Flails
  5477 | D:6      | Reached XP level 9. HP: 54/82 MP: 8/8
  5603 | D:6      | Found a roughly hewn altar of Beogh.
  6055 | D:7      | Found an ornate altar of the Wu Jian Council.
  6056 | D:7      | Found a hide-covered altar of Uskayaw.
  6113 | D:7      | Reached ***** piety under Trog
  6149 | D:7      | Noticed Duvessa
  6152 | D:7      | Noticed Dowan
  6157 | D:7      | Killed Duvessa
  6161 | D:7      | Killed Dowan
  6336 | D:7      | Reached skill level 9 in Fighting
  6405 | D:7      | Noticed Joseph
  6416 | D:7      | Killed Joseph
  6866 | D:8      | Found an opulent altar of Gozag.
  6867 | D:8      | Noticed a two-headed ogre
  6868 | D:8      | Noticed plantmann's ghost (novice GrFi)
  6875 | D:8      | Killed a two-headed ogre
  6875 | D:8      | Reached XP level 10. HP: 93/93 MP: 9/9
  6879 | D:8      | Killed plantmann's ghost
  6879 | D:8      | Reached skill level 10 in Fighting
  7074 | D:8      | Noticed Pikel
  7085 | D:8      | Killed Pikel
  7521 | D:8      | Found a glowing silver altar of Zin.
  7579 | D:8      | Reached skill level 11 in Fighting
  7583 | D:8      | Noticed a two-headed ogre
  7588 | D:8      | Killed a two-headed ogre
  7588 | D:8      | Reached skill level 10 in Armour
  7716 | D:8      | Got a brightly glowing amber ring
  7717 | D:8      | Identified the ring of Boyrch {*Drain rPois MR+++ Int+7} (You found it on level 8 of the Dungeon)
  8166 | D:9      | Found the +6 arbalest "Damnation" {damnation}
  8546 | D:9      | Found a bloodstained altar of Trog.
  8595 | D:9      | Reached skill level 1 in Crossbows
  8713 | D:9      | Noticed a two-headed ogre
  8715 | D:9      | Killed a two-headed ogre
  8876 | D:9      | Reached skill level 12 in Fighting
  8917 | D:9      | Reached XP level 11. HP: 103/104 MP: 10/10
  9171 | D:10     | Entered Level 10 of the Dungeon
  9189 | D:10     | Found a staircase to the Lair.
  9234 | D:10     | Received a gift from Trog
  9473 | D:10     | Found a staircase to the Orcish Mines.
  9522 | Lair:1   | Entered Level 1 of the Lair of Beasts
  9714 | Lair:1   | Noticed a five-headed hydra
  9718 | Lair:1   | Killed a five-headed hydra
  9718 | Lair:1   | Reached skill level 5 in Crossbows
  9768 | Lair:1   | Noticed a six-headed hydra
  9785 | Lair:1   | Killed a six-headed hydra
  9785 | Lair:1   | Reached skill level 13 in Fighting
 10551 | Lair:2   | Noticed Harold
 10554 | Lair:2   | Killed Harold
 10713 | Lair:2   | Reached XP level 12. HP: 115/115 MP: 11/11
 11458 | Lair:3   | Received a gift from Trog
 11654 | Lair:3   | Noticed a death yak
 11656 | Lair:3   | Noticed a death yak
 11658 | Lair:3   | Noticed a death yak
 11660 | Lair:3   | Killed a death yak
 11663 | Lair:3   | Killed a death yak
 11669 | Lair:3   | Killed a death yak
 11669 | Lair:3   | Reached skill level 5 in Dodging
 11760 | Lair:3   | Noticed a five-headed hydra
 11762 | Lair:3   | Killed a five-headed hydra
 11894 | Lair:3   | Found a staircase to the Shoals.
 11984 | Lair:3   | Reached skill level 14 in Fighting
 12219 | Lair:3   | Found a basalt altar of Yredelemnul.
 12395 | Lair:3   | Got an ichor-stained dagger
 12606 | Lair:4   | Noticed a seven-headed hydra
 12610 | Lair:4   | Killed a seven-headed hydra
 12999 | Lair:4   | Found a hole to the Spider Nest.
 13320 | Lair:4   | Reached XP level 13. HP: 121/125 MP: 12/12
 14517 | Lair:5   | Found a basalt altar of Yredelemnul.
 14538 | Lair:5   | Found a viscous altar of Jiyva.
 14538 | Lair:5   | Found a staircase to the Slime Pits.
 15074 | Lair:6   | Entered Level 6 of the Lair of Beasts
 16063 | Lair:5   | Reached skill level 15 in Fighting
 16459 | Lair:6   | Reached skill level 10 in Crossbows
 16695 | Lair:6   | Received a gift from Trog
 18151 | Lair:6   | Reached XP level 14. HP: 125/135 MP: 13/13
 18159 | Lair:6   | Reached skill level 15 in Armour
 19472 | D:11     | Identified the +7 great sword "Qagud" {holy, +Fly rN+ Int+3} (You found it on level 11 of the Dungeon)
 20000 | D:12     | Reached skill level 16 in Fighting
 20114 | D:12     | Received a gift from Trog
 20138 | D:12     | Found a frozen archway.
 20178 | IceCv    | Entered an ice cave
 20181 | IceCv    | Reached skill level 10 in Dodging
 20221 | IceCv    | Received a gift from Trog
 21299 | D:12     | Received a gift from Trog
 21319 | D:12     | Found Canudwop's Magic Scroll Shoppe.
 21329 | D:12     | Bought a scroll of magic mapping for 45 gold pieces
 21329 | D:12     | Bought a scroll of teleportation for 39 gold pieces
 21329 | D:12     | Bought a scroll of identify for 26 gold pieces
 21329 | D:12     | Bought a scroll of teleportation for 39 gold pieces
 21329 | D:12     | Bought a scroll of identify for 26 gold pieces
 21329 | D:12     | Bought a scroll of identify for 26 gold pieces
 22168 | D:13     | Received a gift from Trog
 22176 | D:13     | Got a crude morningstar
 22209 | D:13     | Identified the +5 morningstar of Exuaxza {crush, rPois rC+} (You found it on level 13 of the Dungeon)
 22240 | D:13     | Reached ****** piety under Trog
 22348 | D:13     | Received a gift from Trog
 22391 | D:13     | Noticed a ghoul
 22421 | D:13     | Killed a ghoul
 22773 | D:13     | Found an ancient bone altar of Kikubaaqudgha.
 23367 | D:14     | Reached XP level 15. HP: 145/145 MP: 14/14
 23429 | D:14     | Noticed Zorot's ghost (journeyman GnMo)
 23671 | D:14     | Killed Zorot's ghost
 23689 | D:14     | Found a gate to the Vaults.
 23844 | D:14     | Found a sparkling altar of Nemelex Xobeh.
 23952 | D:14     | Found a flagged portal.
 23971 | Bailey   | Entered a bailey
 24192 | Bailey   | Reached skill level 17 in Fighting
 24238 | Bailey   | Got an ichor-stained crystal plate armour
 24239 | Bailey   | Identified the +1 crystal plate armour of the Secret Beggars {rF++ Regen+ Dex+3 Stlth+} (You found it in a bailey)
 24459 | D:14     | Received a gift from Trog
 24797 | Orc:1    | Entered Level 1 of the Orcish Mines
 24969 | Orc:2    | Entered Level 2 of the Orcish Mines
 24983 | Orc:2    | Noticed SpeedyPerson7's ghost (journeyman GnNe)
 25011 | Orc:2    | Killed SpeedyPerson7's ghost
 25485 | Orc:2    | Found Tyergh's Antique Weapon Emporium.
 25655 | Orc:2    | Found Tonkip's Antique Armour Shop.
 25664 | Orc:2    | Received a gift from Trog
 25680 | Orc:2    | Noticed Maurice
 25700 | Orc:2    | Killed Maurice
 25911 | Orc:2    | Found Ufeweh's Book Shop.
 25932 | Orc:2    | Found a staircase to the Elven Halls.
 25987 | Orc:2    | Found Guop Qass's General Store.
 25995 | Orc:2    | Bought a potion of heal wounds for 75 gold pieces
 25995 | Orc:2    | Bought a scroll of teleportation for 45 gold pieces
 26630 | D:15     | Entered Level 15 of the Dungeon
 26851 | D:15     | Found a staircase to the Depths.
 26901 | D:15     | Identified a scroll of acquirement
 26902 | D:15     | Got a smoking diamond amulet
 26939 | D:15     | Received a gift from Trog
 26941 | D:15     | Identified the amulet "Waet" {RegenMP Int+2 Dex+4} (You acquired it on level 15 of the Dungeon)
 27269 | D:15     | Reached skill level 18 in Fighting
 27689 | Shoals:1 | Entered Level 1 of the Shoals
 27851 | Shoals:1 | Reached XP level 16. HP: 119/157 MP: 15/15
 27936 | Shoals:1 | Got a crude morningstar
 27937 | Shoals:1 | Identified the +8 morningstar of the Forest {crush, Str+3} (You found it on level 1 of the Shoals)
 28464 | Shoals:2 | Received a gift from Trog
 29126 | Shoals:2 | Upgraded the game from 0.21.0-25-ge575cb9 to 0.21.0-30-g47ce8e4
 29126 | Shoals:2 | Upgraded the game from 0.21.0-30-g47ce8e4 to 0.21.0-34-g9234887
 29126 | Shoals:2 | Upgraded the game from 0.21.0-34-g9234887 to 0.21.1
 29136 | Shoals:2 | Noticed a kraken
 29150 | Shoals:2 | Killed a kraken
 29642 | Shoals:3 | Received a gift from Trog
 30371 | Spider:1 | Entered Level 1 of the Spider Nest
 30373 | Spider:1 | Noticed Kirke
 30373 | Spider:1 | Noticed Rupert
 30399 | Spider:1 | Killed Rupert
 30399 | Spider:1 | Reached skill level 19 in Fighting
 30401 | Spider:1 | Killed Kirke
 30402 | Spider:1 | Received a gift from Trog
 30540 | Spider:1 | Noticed Donald
 30558 | Spider:1 | Killed Donald
 30692 | Spider:1 | Received a gift from Trog
 31347 | Spider:1 | Upgraded the game from 0.21.1 to 0.21.1-1-g345015f
 31755 | D:$      | Got out of the dungeon alive.

Skill      XL: |  1  2  3  4  5  6  7  8  9 10 11 12 13 14 15 16 |
---------------+-------------------------------------------------+-----
Fighting       | 4 5 6 7 8 9 12 13 14 15 16 18 19 | 19.3
Maces & Flails | 4 5 6 7 8 10 12 | 12.3
Armour         | 3 4 5 6 8 11 12 13 14 16 17 18 | 18.8
Crossbows      | 2 6 8 10 12 | 12.0
Dodging        | 3 6 9 11 13 14 | 14.6

Action                   |  1- 3 |  4- 6 |  7- 9 | 10-12 | 13-15 | 16-18 || total
-------------------------+-------+-------+-------+-------+-------+-------++-------
Melee: Mace              |    51 |   186 |   230 |    25 |       |       ||   492
       Headbutt          |     9 |    53 |    48 |    68 |   260 |    94 ||   532
       Whip              |       |       |       |    49 |       |       ||    49
       Morningstar       |       |       |       |   180 |   883 |   313 ||  1376
       Arbalest          |       |       |       |       |     1 |       ||     1
 Fire: Arbalest          |       |       |       |    79 |   251 |    54 ||   384
Throw: Tomahawk          |       |       |       |       |     3 |    26 ||    29
       Throwing net      |       |       |       |       |     3 |       ||     3
Invok: Berserk           |       |     3 |     7 |     4 |    17 |     3 ||    34
       Burn Spellbooks   |       |     1 |       |       |     1 |     2 ||     4
       Trog's Hand       |       |       |     4 |       |     8 |     3 ||    15
       Brothers in Arms  |       |       |       |       |     1 |     4 ||     5
 Abil: Evoke Flight      |       |       |       |       |     1 |     7 ||     8
  Use: Scroll            |       |     1 |       |    29 |    15 |     7 ||    52
  Eat: Chunk             |       |     7 |    17 |    21 |    35 |    12 ||    92
       Ration            |       |     1 |     1 |     1 |     9 |     5 ||    17
Armor: Chain mail        |    28 |   117 |   114 |   111 |   298 |       ||   668
       Crystal plate arm |       |       |       |       |   264 |   305 ||   569
Dodge: Dodged            |    29 |   103 |    79 |   128 |   696 |   299 ||  1334
Block: Other             |       |       |       |    22 |   135 |    50 ||   207
       Reflection        |       |       |       |       |     9 |     7 ||    16
